 Dungeon Crawl Stone Soup version 0.24.0-13-gcf9b3192b9 (webtiles) character file.

Game seed: 10363474516726506517, levelgen mode: deterministic

88 Descartes the Firebug (level 4, 0/24 HPs)
             Began as a Deep Elf Fire Elementalist on Nov 8, 2019.
             Slain by Grinder (9 damage)
             ... on level 3 of the Dungeon.
             The game lasted 00:06:22 (2173 turns).

Descartes the Firebug (Deep Elf Fire Elementalist)  Turns: 2173, Time: 00:06:23

Health: 0/24       AC:  2    Str:  5    XL:     4   Next: 30%
Magic:  6/11       EV: 13    Int: 21    God:
Gold:   108        SH:  0    Dex: 15    Spells: 9/10 levels left

rFire    . . .     SeeInvis .   b - +3 whip
rCold    . . .     Gourm    .   (no shield)
rNeg     . . .     Faith    .   a - +0 robe
rPois    .         Spirit   .   (no helmet)
rElec    .         Reflect  .   (no cloak)
rCorr    .         Harm     .   (no gloves)
MR       .....                  (no boots)
Stlth    ++........             n - amulet of regeneration
HPRegen  0.48/turn              (no ring)
MPRegen  0.12/turn              (no ring)

@: no status effects
A: no striking features
a: no special abilities


You were on level 3 of the Dungeon.
You were not hungry.

You visited 1 branch of the dungeon, and saw 3 of its levels.

You collected 108 gold pieces.

Inventory:

Hand Weapons
 b - a +3 whip (weapon)
 f - a +1 hand axe of venom
Missiles
 d - 70 stones (quivered)
 h - 33 sling bullets
 i - 48 bolts
 l - 4 boomerangs
Armour
 a - a +0 robe (worn)
 j - a +0 cloak
Jewellery
 n - an amulet of regeneration (around neck)
Scrolls
 e - 4 scrolls of identify {unknown}
 g - a scroll of noise {unknown}
 k - a scroll of magic mapping {unknown}
 m - a scroll of amnesia {unknown}
 r - a scroll of remove curse {unknown}
 s - a scroll of blinking {unknown}
Potions
 o - 2 potions of curing {unknown}
 p - a potion of haste {unknown}
 q - a potion of berserk rage {unknown}
Comestibles
 c - 3 rations
 t - 2 chunks of flesh


   Skills:
 + Level 3.1 Dodging
 + Level 3.4 Stealth
 + Level 3.9 Spellcasting
 + Level 2.1 Conjurations
 + Level 4.0 Fire Magic


You had 9 spell levels left.
You knew the following spells:

 Your Spells              Type           Power        Failure   Level  Hunger
a - Flame Tongue          Conj/Fire      ###..        3%          1    None

Your spell library contained the following spells:

 Spells                   Type           Power        Failure   Level  Hunger
 Throw Flame              Conj/Fire      ###...       5%          2    #......
 Conjure Flame            Conj/Fire      ###.....     11%         3    ###....
 Inner Flame              Hex/Fire       ##......     16%         3    ###....
 Sticky Flame             Conj/Fire      ###.....     34%         4    ####...
 Fireball                 Conj/Fire      ###.......   67%         5    ######.


Dungeon Overview and Level Annotations

Branches:
Dungeon (3/15)

Altars:
Dithmenos
Okawaru

Annotations:
D:3 Grinder, Robin


Message History

Grinder closely misses you.
Casting: Flame Tongue (safe; 3% risk of failure)
Confirm with . or Enter, or press ? or * to list all spells.
Aiming: Flame Tongue (safe; 3% risk of failure)
Press: ? - help, Shift-Dir - straight line, f/p - Grinder
Aim: Grinder (heavily wounded)
The flame tongue hits Grinder!
Grinder is severely wounded.
Grinder grins, showing sharp teeth.
Grinder gestures at you. Pain shoots through your body!
Casting: Flame Tongue (safe; 3% risk of failure)
Confirm with . or Enter, or press ? or * to list all spells.
Aiming: Flame Tongue (safe; 3% risk of failure)
Press: ? - help, Shift-Dir - straight line, f/p - Grinder
Aim: Grinder (severely wounded)
The flame tongue hits Grinder.
Grinder is severely wounded.
Grinder hits you!
You die...

## ##.###.#
####......##
+@5.).......
####...#####
##.## .# .#
.# .# .#


You could see Grinder.

Vanquished Creatures
  3 adders (D:2)
  An ooze (D:2)
  3 worms (D:2)
  2 dart slugs
  An orc (D:3)
  8 goblins
  3 hobgoblins
  A quokka (D:2)
  5 bats
  6 frilled lizards
  9 kobolds
  7 rats
49 creatures vanquished.

Notes
Turn   | Place    | Note
-------+----------+-------------------------------------------
     0 | D:1      | Descartes the Deep Elf Fire Elementalist began the quest
                  | for the Orb.
     0 | D:1      | Reached XP level 1. HP: 10/10 MP: 6/6
   192 | D:1      | Reached XP level 2. HP: 15/15 MP: 5/8
  1106 | D:2      | Reached XP level 3. HP: 19/19 MP: 6/9
  1530 | D:2      | Reached XP level 4. HP: 24/24 MP: 8/11
  1685 | D:2      | Found an iron altar of Okawaru.
  1751 | D:2      | Reached skill level 4 in Fire Magic
  1859 | D:2      | Found a shadowy altar of Dithmenos.
  2053 | D:3      | Noticed Robin
  2164 | D:3      | Noticed Grinder
  2173 | D:3      | Slain by Grinder

Levels and vault maps discovered:
D:1:      minmay_arrival_split_and_join, layout_loops_ring
D:2:      layout_basic, nicolae_dithmenos_shadow_blocks,
          lemuel_coloured_pillars_altar, first_ration
D:3:      layout_loops_corners, uniq_grinder, uniq_natasha, uniq_robin

Skill      XL: |  1  2  3  4 |
---------------+-------------+-----
Stealth        | 3 |  3.4
Dodging        | 3 |  3.1
Conjurations   | 2 |  2.1
Fire Magic     | 4 |  4.0
Spellcasting   | |  3.9

Action                   |  1- 3 |  4- 6 || total
-------------------------+-------+-------++-------
 Cast: Flame Tongue      |    68 |    29 ||    97
  Eat: Chunk             |     2 |     2 ||     4
Armor: Robe              |     1 |     3 ||     4
Dodge: Dodged            |    13 |     9 ||    22
